 Dungeon Crawl Stone Soup version 0.26.1-2-gb8aa6d0cf2 (webtiles) character file.

Game seed: 14784187253597547468

59 infcreate the Sneak (level 3, -3/20 HPs)
             Began as a Vampire Enchanter on Mar 31, 2021.
             Slain by a quokka (4 damage)
             ... on level 2 of the Dungeon.
             The game lasted 00:07:45 (1812 turns).

infcreate the Sneak (Vampire Enchanter)             Turns: 1812, Time: 00:07:45

Health: -3/20      AC:  2    Str:  7    XL:     3   Next: 78%
Magic:  1/6        EV: 13    Int: 17    God:
Gold:   25         SH:  0    Dex: 15    Spells: 0/6 levels left

rFire    . . .     SeeInvis +   a - +1 dagger
rCold    + + .     Faith    .   (no shield)
rNeg     + + +     Spirit   .   b - +0 robe
rPois    ∞         Reflect  .   (no helmet)
rElec    .         Harm     .   (no cloak)
rCorr    .         Rampage  .   (no gloves)
Will     .....                  (no boots)
Stlth    +++++.....             (no amulet)
HPRegen  0.00/turn              (no ring)
MPRegen  0.10/turn              (no ring)

@: brilliant, bloodless
A: fangs 3, see invisible, unbreathing
a: Bat Form, Revivify


You were on level 2 of the Dungeon.
You visited 1 branch of the dungeon, and saw 2 of its levels.

You collected 25 gold pieces.

Inventory:

Hand Weapons
 a - a +1 dagger (weapon)
Armour
 b - a +0 robe (worn)
Jewellery
 h - an uncursed ring of protection from cold
Scrolls
 c - 4 scrolls of identify {unknown}
 e - 2 scrolls of remove curse {unknown}
 g - a scroll of enchant armour {unknown}
Potions
 d - a potion of brilliance
 f - a potion of lignification {unknown}
 i - a potion of curing {unknown}
 j - a potion of heal wounds {unknown}
 k - a potion of might {unknown}


   Skills:
 + Level 0.7 Fighting
 * Level 1.8 Short Blades
 * Level 2.7 Dodging
 * Level 5.2 Stealth
 + Level 2.2 Spellcasting
 * Level 5.0 Hexes


You couldn't memorise any spells.
You knew the following spells:

 Your Spells              Type           Power        Failure   Level
a - Corona                Hex            31%          2%          1
b - Ensorcelled Hibernat  Hex/Ice        30%          11%         2
c - Confusing Touch       Hex            28%          7%          3

Your spell library contained the following spells:

 Spells                   Type           Power        Failure   Level
 Tukima's Dance           Hex            28%          7%          3
 Dazzling Flash           Conj/Hex       30%          21%         3


Dungeon Overview and Level Annotations

Branches:
Dungeon (2/15)

Altars:


Innate Abilities, Weirdness & Mutations

You do not regenerate when monsters are visible.
You are frail without blood (-20% HP).
You can heal yourself when you bite living creatures.
You are immune to poison.
You have razor-sharp teeth.
You have supernaturally acute eyesight. (SInv)
You can survive without breathing.


Message History

The bat closely misses you. The bat closely misses you.
Casting: Ensorcelled Hibernation (safe; 11% risk of failure)
Confirm with . or Enter, or press ? or * to list all spells.
Aiming: Ensorcelled Hibernation (safe; 11% risk of failure)
Press: ? - help, Shift-Dir - straight line, f/p - quokka
Aim: a quokka (chance to affect: 63%)
You feel a surge of power!
The bat is unaffected.
The bat closely misses you.
Casting: Ensorcelled Hibernation (safe; 11% risk of failure)
Confirm with . or Enter, or press ? or * to list all spells.
Aiming: Ensorcelled Hibernation (safe; 11% risk of failure)
Press: ? - help, Shift-Dir - straight line, f/p - quokka
Aim: a quokka (chance to affect: 63%)
You feel a surge of power!
The bat is unaffected.
The bat barely misses you. x2
The bat barely misses you. The bat barely misses you. The bat misses you.
The bat hits you but does no damage. The bat closely misses you.
The quokka bites you.
You die...

###.....###...............
#......## ########.#######
#.###.############.#
#.####[..........#.# #..#
#.####.###....# #''#####
#.........# #K.# ......#
##.###...## #..# ......#
#.# ##.## #..#. ≈.≈≈..#
#.####@# #..#. ...§..##
#....br# .....
≈.....#.#######..# #..#.
≈≈.≈..##.######..# #..##
.....[###........# #..##
....).##.#####...# #..##
#######..........########
#..##
##.....#........#.......#
#)...
[.........)....##.#####.#
#.###


You could see a quokka and a bat.

Vanquished Creatures
  An adder (D:2)
  2 worms (D:2)
  3 dart slugs
  3 leopard geckos (D:1)
  5 goblins
  5 hobgoblins
  2 kobolds
  A quokka (D:2)
  2 ball pythons
  3 bats
  5 frilled lizards
  5 rats
37 creatures vanquished.

Notes
Turn   | Place    | Note
-------+----------+-------------------------------------------
     0 | D:1      | infcreate the Vampire Enchanter began the quest for the
                  | Orb.
     0 | D:1      | Reached XP level 1. HP: 13/13 MP: 3/3
   398 | D:1      | Reached XP level 2. HP: 15/15 MP: 3/5
   401 | D:1      | Learned a level 2 spell: Ensorcelled Hibernation
  1202 | D:2      | Reached XP level 3. HP: 20/20 MP: 6/6
  1243 | D:2      | Reached skill level 5 in Stealth
  1594 | D:2      | Reached skill level 5 in Hexes
  1633 | D:2      | Learned a level 3 spell: Confusing Touch
  1778 | D:2      | HP: 1/20 [bat (1)]
  1812 | D:2      | Slain by a quokka

Illustrated notes

Levels and vault maps discovered:
D:1:      roderic_octagonal_star, layout_basic
D:2:      layout_loops_ring, st_stairs_9, corexii_corridor_pit,
          kennysheep_generic_room_4

Skill      XL: |  1  2  3 |
---------------+----------+-----
Stealth        | 5 |  5.2
Hexes          | 5 |  5.0
Fighting       | |  0.7
Short Blades   | |  1.8
Dodging        | |  2.7
Spellcasting   | |  2.2

Action                   || total
-------------------------++-------
Melee: Dagger            ||    96
       Bite              ||     7
 Cast: Corona            ||    10
       Ensorcelled Hiber ||    17
 Abil: Exsanguinate      ||     1
  Use: Potion            ||     1
 Stab: Sleeping          ||    22
       Distracted        ||     1
Armor: Robe              ||    17
Dodge: Dodged            ||    73
